 Dungeon Crawl Stone Soup version 0.28-a0-519-gbfeecf2fc5 (webtiles) character file.

Game seed: 17822182209926592539

632 siradein the Chucker (level 7, -2/67 HPs)
             Began as a Troll Hunter on Sept 23, 2021.
             Was an Initiate of Okawaru.
             Slain by an orc warrior (17 damage)
             ... on level 4 of the Dungeon.
             The game lasted 00:06:01 (2979 turns).

siradein the Chucker (Troll Hunter)                 Turns: 2979, Time: 00:06:01

Health: -2/67      AC:  4    Str: 21    XL:     7   Next: 24%
Magic:  6/6        EV: 10    Int:  7    God:    Okawaru [......]
Gold:   146        SH:  0    Dex: 12    Spells: 6/6 levels left

rFire   . . .      SeeInvis .     - Unarmed
rCold   . . .      Faith    .   (no shield)
rNeg    . . .      Spirit   .   b - +0 robe
rPois   .          Reflect  .   r - +0 hat
rElec   .          Harm     .   (no cloak)
rCorr   .          Rampage  .   (gloves unavailable)
Will    .....                   (boots unavailable)
Stlth   +.........              (no amulet)
HPRegen 1.21/turn               (no ring)
MPRegen 0.10/turn               (no ring)

@: no status effects
A: large, unfitting armour, claws 3, regeneration 1, shaggy fur 1, tough skin 1
a: Renounce Religion


You were on level 4 of the Dungeon.
You worshipped Okawaru.
Okawaru was noncommittal.
You visited 1 branch of the dungeon, and saw 4 of its levels.

You collected 146 gold pieces.

Inventory:

Hand Weapons
 j - a +0 hunting sling
Missiles
 c - 5 large rocks
 d - 2 throwing nets
 e - 32 sling bullets
 f - 196 stones
 o - 11 poisoned darts (quivered)
Armour
 b - a +0 robe (worn)
 r - a +0 hat (worn)
Wands
 h - a wand of charming (6)
 q - a wand of paralysis (5)
Scrolls
 a - 4 scrolls of silence {unknown}
 i - a scroll of noise {unknown}
 m - a scroll of enchant weapon {unknown}
 n - a scroll of torment {unknown}
 p - 2 scrolls of blinking {unknown}
 s - a scroll of identify {unknown}
Potions
 g - a potion of degeneration {unknown}
 k - 2 potions of magic {unknown}
 l - 3 potions of flight {unknown}


   Skills:
 + Level 3.5 Fighting
 + Level 5.1 Throwing
 + Level 3.5 Dodging
 - Level 0.3 Stealth
 + Level 3.6 Unarmed Combat


You had 6 spell levels left.
You didn't know any spells.
Your spell library contained the following spells:

 Spells                   Type           Power      Damage    Failure   Level
 Gell's Gravitas          Tloc           0%         N/A       80%         3
 Lesser Beckoning         Tloc           0%         N/A       80%         3
 Teleport Other           Tloc           0%         N/A       80%         3
 Summon Small Mammal      Summ           Unusable   N/A       N/A         1
 Call Canine Familiar     Summ           Unusable   N/A       N/A         3
 Summon Guardian Golem    Hex/Summ       Unusable   N/A       N/A         3

Dungeon Overview and Level Annotations

Branches:
Dungeon (4/15)             Temple (0/1) D:4

Altars:
Ashenzari
Okawaru
Xom

Shops:
D:2 ?

Annotations:
D:4 1 runed translucent door, marklar909's ghost, amateur PaAK


Innate Abilities, Weirdness & Mutations

You are too large for most types of armour.
You have claws for hands.
Your natural rate of healing is unusually fast.
You are covered in fur. (AC +1)
You have tough skin. (AC +1)


Message History

You start resting.
HP restored.
You climb downwards.
Level annotation: 1 runed translucent door, marklar909's ghost, amateur PaAK
There is a stone staircase leading up here.
The orc warrior hits you with a +0 glaive!!
You scratch the orc warrior.
The orc warrior is severely wounded.
The orc warrior hits you with a +0 glaive!!
You are too injured to fight recklessly!
You are too injured to fight recklessly!
You are too injured to fight recklessly!
You are too injured to fight recklessly!
You are too injured to fight recklessly!
The orc warrior hits you from afar with a +0 glaive.
There is a stone staircase leading up here.
The orc warrior throws a boomerang.
The boomerang barely misses you.
You climb upwards.
There is a stone staircase leading down here.
You start resting.
HP restored.
You climb downwards.
Level annotation: 1 runed translucent door, marklar909's ghost, amateur PaAK
There is a stone staircase leading up here.
The orc warrior hits you but does no damage.
You scratch the orc warrior.
The orc warrior is severely wounded.
The orc warrior hits you with a +0 glaive!
You scratch the orc warrior.
The orc warrior is severely wounded.
The orc warrior hits you with a +0 glaive!!
You are too injured to fight recklessly!
You are too injured to fight recklessly!
You are too injured to fight recklessly!
You are too injured to fight recklessly!
The orc warrior throws a boomerang.
The boomerang hits you!!
* * * LOW HITPOINT WARNING * * *
There is a stone staircase leading up, spattered with blood here.
The orc warrior hits you from afar with a +0 glaive!
You die...

.#............#......####..#.....
................#.##..##.........
##............####........######.
####...........###...>...>.## ##
#......#.###.##...........####
##..#...###...............##..
####....########.........##..
#.......................).
##........@.o...#..........
#......##[.....##..>.......
#....###.......#...o.......
##.............#......##..#
#......#.#.....##.##......#
##....##.#....######......#
###....##.......# #.#..#...#
#.......#.).....# ##......##.
##..........##### #..........


You could see an orc warrior.

Vanquished Creatures
  Grinder (D:3)
  A phantom (D:3)
  2 scorpions (D:4)
  A howler monkey (D:4)
  A hound (D:4)
  An orc priest (D:4)
  An orc wizard (D:3)
  Robin (D:3)
  2 adders (D:3)
  2 adder skeletons (D:4)
  A worm (D:4)
  3 dart slugs
  4 orcs
  5 bats
  4 endoplasms
  15 goblins
  11 hobgoblins
  9 jackals
  5 kobolds
  2 quokkas (D:4)
  6 ball pythons
  4 frilled lizards
  4 rats
86 creatures vanquished.

Notes
Turn   | Place    | Note
-------+----------+-------------------------------------------
     0 | D:1      | siradein the Troll Hunter began the quest for the Orb.
     0 | D:1      | Reached XP level 1. HP: 19/19 MP: 0/0
   123 | D:1      | Reached XP level 2. HP: 28/28 MP: 1/1
   445 | D:1      | Reached skill level 1 in Unarmed Combat
   997 | D:2      | Reached XP level 3. HP: 35/35 MP: 2/2
  1030 | D:2      | Found Igimnule's Magic Scroll Boutique.
  1032 | D:2      | You fall into a shaft and drop 1 floor!
  1091 | D:3      | Noticed Robin
  1128 | D:3      | Killed Robin
  1129 | D:3      | Reached skill level 4 in Throwing
  1332 | D:3      | Reached XP level 4. HP: 14/42 MP: 3/3
  1382 | D:3      | Noticed a phantom
  1405 | D:3      | Killed a phantom
  1406 | D:3      | Reached XP level 5. HP: 32/50 MP: 4/4
  1877 | D:3      | Noticed Grinder
  1881 | D:3      | Paralysed by Grinder for 7 turns
  1917 | D:3      | Paralysed by Grinder for 6 turns
  1924 | D:3      | Killed Grinder
  1925 | D:3      | Reached XP level 6. HP: 15/61 MP: 5/5
  2026 | D:3      | Found an iron altar of Okawaru.
  2066 | D:3      | Became a worshipper of Warmaster Okawaru
  2257 | D:3      | Found a shimmering altar of Xom.
  2434 | D:4      | Found a broken altar of Ashenzari.
  2459 | D:4      | Found a staircase to the Ecumenical Temple.
  2474 | D:4      | Reached XP level 7. HP: 60/67 MP: 6/6
  2495 | D:4      | Found a runed translucent door.
  2585 | D:4      | Noticed marklar909's ghost (amateur PaAK)
  2684 | D:4      | Reached skill level 5 in Throwing
  2979 | D:4      | Slain by an orc warrior

Illustrated notes

Levels and vault maps discovered:
D:1:      heliophobic_arrival_ceremonial_halls, layout_basic
D:2:      layout_basic, serial_shops, shop_statue, nicolae_shop_behind_doors,
          nicolae_shop_competitors_out_of_business, nicolae_square_shop,
          shop_statue, basic_ecumenical_altar
D:3:      kennysheep_goblin_castle, layout_basic, mainiacjoe_overflow_big_doors,
          uniq_grinder
D:4:      layout_cave_pools, cheibrodos_ashenzari_chains,
          minmay_temple_entry_proselytizer, ebering_ghost_sewer_d

Skill      XL: |  1  2  3  4  5  6  7 |
---------------+----------------------+-----
Unarmed Combat | 1 2 3 |  3.6
Dodging        | 2 3 |  3.5
Fighting       | 2 3 |  3.5
Throwing       | 4 5 |  5.1
Stealth        | |  0.3

Action                   |  1- 3 |  4- 6 |  7- 9 || total
-------------------------+-------+-------+-------++-------
Melee: Unarmed           |   134 |   113 |    43 ||   290
       Punch             |       |     1 |     1 ||     2
 Fire: Hunting sling     |     6 |    20 |       ||    26
 Stab: Sleeping          |     1 |     2 |       ||     3
Armor: Robe              |    71 |    47 |    11 ||   129
Dodge: Dodged            |    88 |    64 |    16 ||   168

Table legend: (Time is in decaauts)
 A = Elapsed time spent in this place.
 B = Non-inter-level travel time spent in this place.
 C = Inter-level travel time spent in this place.
 D = Time resting spent in this place.
 E = Time spent auto-exploring this place.
 F = Levels seen in this place.
 G = Mean time per level.
                   A        B        C        D        E       F      G
               +--------+--------+--------+--------+--------+-----+--------+
         Total |   2965 |   2883 |     82 |     71 |   2104 |   4 |  741.2 |
       Dungeon |   2965 |   2883 |     82 |     71 |   2104 |   4 |  741.2 |
               +--------+--------+--------+--------+--------+-----+--------+

Top non-repeatable levels by time:
     D:3: 1416 daAuts
     D:1: 977 daAuts
     D:4: 518 daAuts
     D:2: 52 daAuts
